AoeStats
← danielcrisan93

Arabia

509883145Analyzed
1v1 RM · 4d ago on Sep 28, 2026· 28m 55s· 2 players
Game mode
Random Map
Map size
Tiny (2 player)
Population
200
Speed
Normal
Resources
Standard
Victory
Conquest
Starting age
Dark Age
Ending age
Imperial Age
RankedLock teamsTeams togetherTeam positionsShared explorationLock speedFull tech treeHidden civsTurbo modeCheats
Victory
Defeat
🇪🇸 Byzantines · Spain
504
+17
🇷🇴 Goths · Romania
529
-17
Rhaeros
2:35 Loom
10:42 Feudal Age
11:13 Double-Bit Axe
14:43 Horse Collar
17:34 Padded Archer Armor
17:24 Fletching
23:27 Wheelbarrow
27:15 Castle Age
danielcrisan93
9:13 Loom
12:03 Feudal Age
13:08 Man-at-Arms
25:06 Double-Bit Axe
30:04 Castle Age
Connection lost

Rejoining the realm…

Still unreachable

The connection could not be restored.

Session expired

The server has moved on; the page needs a fresh start.